AoeStats
← gob b

QS Arena

503283423Analyzed
4v4 RM · 1mo ago on Aug 31, 2026· 40m 33s· 8 players
Game mode
Random Map
Map size
Large (8 player)
Population
200
Speed
Normal
Resources
Standard
Victory
Conquest
Starting age
Dark Age
Ending age
Imperial Age
RankedLock teamsTeams togetherTeam positionsShared explorationLock speedFull tech treeHidden civsTurbo modeCheats
Victory
Defeat
🇮🇳 Franks · India
1218
+13
🇺🇸 Slavs · United States
1206
+14
🇨🇦 Burmese · Canada
1201
+14
1152
+16
🇺🇸 Poles · United States
1180
-15
🇺🇸 Persians · United States
1166
-15
🇩🇴 Romans · Dominican Republic
1163
-15
🇦🇷 Britons · Argentina
1102
-12
三只蚂蚁国际集运
0:51 Loom
9:35 Feudal Age
15:05 Castle Age
13:12 Horse Collar
14:14 Padded Archer Armor
14:03 Double-Bit Axe
14:29 Fletching
15:44 Bodkin Arrow
18:22 Leather Archer Armor
20:11 Masonry
20:43 Gold Mining
21:55 Forging
29:20 Imperial Age
28:39 Ballistics
28:14 Stone Mining
31:02 Conscription
36:39 Wheelbarrow
36:56 Elite Janissary
39:37 Architecture
38:49 Treadmill Crane
39:00 Heated Shot
40:49 Gold Shaft Mining
Dègno
7:53 Feudal Age
13:33 Castle Age
11:33 Horse Collar
11:41 Loom
12:15 Gold Mining
15:49 Wheelbarrow
16:04 Fervor
16:20 Sanctity
20:56 Redemption
21:24 Atonement
25:00 Scale Barding Armor
25:05 Forging
32:29 Imperial Age
30:19 Forging
30:39 Heavy Plow
31:52 Bloodlines
33:02 Husbandry
33:24 Chain Barding Armor
33:32 Block Printing
33:46 Illumination
33:36 Devotion
33:01 Capped Ram
34:16 Conscription
35:02 Iron Casting
37:59 Elite Battle Elephant
39:47 Plate Barding Armor
40:12 Blast Furnace
40:15 Howdah
Lorenzo de' Medici
8:41 Feudal Age
9:43 Double-Bit Axe
13:39 Castle Age
11:35 Horse Collar
12:51 Gold Mining
15:06 Wheelbarrow
14:47 Bow Saw
15:44 Wheelbarrow
15:24 Loom
24:23 Imperial Age
22:24 Scale Mail Armor
22:34 Forging
21:47 Pikeman
22:33 Heavy Plow
23:29 Hand Cart
23:20 Squires
23:31 Stone Mining
24:39 Chain Mail Armor
24:38 Halberdier
26:41 Two-Man Saw
26:30 Plate Mail Armor
28:10 Crop Rotation
28:26 Iron Casting
27:50 Fletching
28:36 Sanctity
28:12 Herbal Medicine
28:55 Gold Shaft Mining
30:25 Blast Furnace
29:53 Siege Engineers
31:53 Chemistry
31:01 Druzhina
32:49 Hoardings
32:26 Masonry
33:08 Conscription
32:49 Detinets
32:49 Bodkin Arrow
33:18 Ballistics
33:09 Fortified Wall
gob b
9:20 Feudal Age
12:59 Castle Age
11:15 Forging
11:08 Double-Bit Axe
12:51 Gold Mining
13:32 Scale Barding Armor
20:13 Bow Saw
22:54 Wheelbarrow
25:23 Imperial Age
24:18 Iron Casting
25:30 Cavalier
26:33 Husbandry
27:35 Blast Furnace
26:56 Chain Barding Armor
31:09 Hand Cart
32:07 Plate Barding Armor
31:07 Paladin
31:41 Loom
35:35 Conscription
NY-Radamantiz
8:31 Feudal Age
12:10 Castle Age
10:26 Horse Collar
10:48 Double-Bit Axe
12:55 Heavy Plow
13:24 Bow Saw
17:06 Stone Mining
19:57 Coinage
20:46 Loom
23:24 Forging
24:31 Szlachta Privileges
24:48 Bloodlines
24:38 Husbandry
25:37 Gold Mining
26:30 Iron Casting
26:01 Scale Barding Armor
29:40 Imperial Age
27:45 Wheelbarrow
29:14 Chain Barding Armor
29:51 Cavalier
31:04 Crop Rotation
31:38 Blast Furnace
36:22 Light Cavalry
NY-HENRY
0:26 Loom
9:01 Feudal Age
13:03 Castle Age
13:10 Wheelbarrow
13:33 Double-Bit Axe
16:58 Horse Collar
18:31 Forging
20:47 Bow Saw
23:14 Bloodlines
23:05 Husbandry
28:18 Imperial Age
26:19 Scale Barding Armor
29:12 Iron Casting
28:58 Chain Barding Armor
28:33 Gold Mining
28:08 Cavalier
28:43 Light Cavalry
31:22 Squires
31:42 Heavy Plow
32:21 Plate Barding Armor
33:10 Gold Shaft Mining
34:22 Blast Furnace
33:26 Savar
35:35 Hussar
36:00 Pikeman
39:10 Scale Mail Armor
38:32 Halberdier
adriel.fe1123
0:28 Loom
9:44 Feudal Age
13:49 Castle Age
11:51 Double-Bit Axe
11:49 Horse Collar
12:38 Stone Mining
15:41 Bow Saw
16:25 Fletching
26:42 Imperial Age
25:56 Scale Barding Armor
25:52 Scale Mail Armor
27:15 Wheelbarrow
30:17 Hand Cart
30:45 Bodkin Arrow
30:51 Padded Archer Armor
31:13 Chain Barding Armor
31:09 Chain Mail Armor
34:18 Chemistry
33:39 Ballistics
33:25 Siege Engineers
33:45 Forging
33:16 Heavy Scorpion
Euron
2:49 Loom
8:42 Feudal Age
9:20 Town Watch
14:09 Castle Age
13:07 Double-Bit Axe
15:43 Bow Saw
21:54 Fletching
23:08 Bodkin Arrow
27:41 Gold Mining
27:44 Stone Mining
27:45 Horse Collar
28:43 Sanctity
28:34 Fervor
30:10 Caravan
30:35 Padded Archer Armor
33:18 Imperial Age
31:36 Devotion
33:36 Masonry
33:59 Ballistics
33:58 Leather Archer Armor
33:11 Crossbowman
Connection lost

Rejoining the realm…

Still unreachable

The connection could not be restored.

Session expired

The server has moved on; the page needs a fresh start.